AoeStats
← kainann3

Arena

504572700Analyzed
4v4 RM · 26d ago on Sep 5, 2026· 48m 8s· 8 players
Game mode
Random Map
Map size
Large (8 player)
Population
200
Speed
Normal
Resources
Standard
Victory
Conquest
Starting age
Dark Age
Ending age
Imperial Age
RankedLock teamsTeams togetherTeam positionsShared explorationLock speedFull tech treeHidden civsTurbo modeCheats
Victory
Defeat
🇧🇷 Huns · Brazil
1018
+16
🇧🇷 Mongols · Brazil
991
+17
🇳🇱 Spanish · Netherlands
990
+16
🇩🇪 Ethiopians · Germany
990
+17
🇺🇸 Aztecs · United States
1028
-17
🇳🇱 Japanese · Netherlands
1028
-17
🇳🇱 Poles · Netherlands
1000
-48
🇱🇹 Slavs · Lithuania
984
-16
gabrielcg02
11:14 Feudal Age
15:50 Castle Age
14:18 Double-Bit Axe
14:52 Horse Collar
24:47 Wheelbarrow
24:20 Gold Mining
26:04 Gold Shaft Mining
25:42 Bow Saw
26:07 Loom
26:34 Heavy Plow
26:39 Stone Mining
30:04 Hand Cart
33:46 Imperial Age
31:19 Fletching
32:05 Ballistics
32:33 Bloodlines
32:23 Husbandry
31:44 Light Cavalry
32:22 Bodkin Arrow
32:28 Padded Archer Armor
34:29 Bracer
34:51 Conscription
35:34 Chemistry
35:33 Caravan
36:18 Hussar
37:15 Elite Mangudai
38:38 Stone Shaft Mining
38:25 Leather Archer Armor
38:20 Scale Barding Armor
40:13 Forging
40:24 Chain Barding Armor
42:07 Thumb Ring
42:28 Parthian Tactics
44:00 Iron Casting
43:16 Capped Ram
44:47 Siege Ram
45:50 Drill
aclcbrn
6:06 Loom
10:26 Feudal Age
11:00 Double-Bit Axe
12:14 Horse Collar
18:29 Castle Age
18:07 Wheelbarrow
19:38 Bow Saw
19:32 Heavy Plow
21:53 Gold Mining
24:06 Loom
27:51 Imperial Age
25:30 Stone Mining
27:00 Ballistics
26:51 Fortified Wall
26:48 Town Watch
27:23 Forging
27:04 Fletching
27:14 Padded Archer Armor
27:14 Scale Mail Armor
27:29 Pikeman
28:10 Squires
27:55 Arson
27:56 Gambesons
28:51 Stone Shaft Mining
28:07 Elite Skirmisher
28:46 Halberdier
30:27 Bloodlines
29:39 Light Cavalry
30:33 Husbandry
32:49 Chemistry
31:45 Murder Holes
33:27 Iron Casting
33:07 Chain Mail Armor
34:07 Conscription
35:03 Bodkin Arrow
35:24 Leather Archer Armor
36:10 Blast Furnace
35:43 Plate Mail Armor
34:38 Hussar
40:58 Bracer
41:29 Ring Archer Armor
41:05 Scale Barding Armor
b7ackwar
5:21 Loom
12:22 Feudal Age
16:09 Castle Age
13:57 Double-Bit Axe
14:00 Horse Collar
17:40 Bow Saw
18:08 Gold Mining
18:33 Heavy Plow
23:36 Crossbowman
24:10 Fletching
24:52 Stone Mining
27:27 Wheelbarrow
27:16 Thumb Ring
31:40 Imperial Age
29:09 Bodkin Arrow
29:15 Padded Archer Armor
31:17 Leather Archer Armor
32:04 Ballistics
33:02 Ring Archer Armor
34:36 Chemistry
33:39 Bracer
33:16 Arbalester
35:40 Conscription
37:36 Onager
43:37 Torsion Engines
43:10 Sappers
kainann3
11:31 Feudal Age
15:39 Castle Age
13:32 Double-Bit Axe
13:54 Horse Collar
16:21 Wheelbarrow
16:34 Bow Saw
22:32 Heavy Plow
22:21 Loom
25:08 Gold Mining
25:12 Stone Mining
28:38 Imperial Age
26:55 Hand Cart
26:26 Town Watch
28:09 Bloodlines
28:34 Scale Barding Armor
28:41 Forging
28:45 Husbandry
29:39 Town Patrol
30:04 Chain Barding Armor
30:23 Iron Casting
29:49 Caravan
31:29 Marauders
30:50 Elite Tarkan
31:51 Conscription
31:56 Atheism
33:08 Plate Barding Armor
33:35 Blast Furnace
33:46 Gold Shaft Mining
33:13 Squires
38:34 Capped Ram
39:28 Siege Ram
41:02 Fletching
41:14 Padded Archer Armor
41:03 Heavy Cavalry Archer
42:09 Parthian Tactics
41:50 Thumb Ring
43:54 Bodkin Arrow
44:16 Leather Archer Armor
44:33 Ballistics
45:14 Chemistry
47:02 Two-Man Saw
viahortus
10:21 Feudal Age
14:50 Castle Age
12:49 Double-Bit Axe
13:34 Horse Collar
16:33 Bow Saw
18:40 Heavy Plow
19:39 Loom
19:36 Man-at-Arms
20:17 Long Swordsman
22:09 Pikeman
25:12 Wheelbarrow
24:29 Gold Mining
24:31 Stone Mining
27:23 Hand Cart
30:23 Imperial Age
27:40 Town Watch
28:29 Scale Mail Armor
28:40 Forging
28:53 Squires
28:40 Arson
29:53 Gold Shaft Mining
29:35 Chain Mail Armor
30:48 Masonry
30:59 Ballistics
31:05 Fletching
31:52 Iron Casting
32:58 Chemistry
32:19 Gambesons
31:56 Halberdier
31:56 Two-Handed Swordsman
33:19 Conscription
33:23 Kataparuto
33:35 Bodkin Arrow
34:11 Plate Mail Armor
34:42 Blast Furnace
35:18 Elite Samurai
36:34 Hoardings
36:12 Siege Engineers
36:03 Murder Holes
36:20 Fortified Wall
36:24 Champion
42:12 Bracer
42:50 Padded Archer Armor
42:59 Elite Skirmisher
actions speak loudr than wololoo
10:48 Feudal Age
14:41 Castle Age
13:26 Horse Collar
13:40 Double-Bit Axe
14:47 Horse Collar
18:56 Gold Mining
19:29 Bow Saw
19:19 Eagle Warrior
21:24 Redemption
21:51 Scale Mail Armor
22:08 Forging
27:38 Stone Mining
29:48 Chain Mail Armor
32:49 Iron Casting
35:52 Imperial Age
33:52 Squires
36:07 Fletching
Sophia
0:28 Loom
11:17 Feudal Age
11:47 Double-Bit Axe
12:43 Horse Collar
13:35 Town Watch
18:49 Stone Mining
19:33 Man-at-Arms
22:30 Castle Age
22:55 Forging
22:46 Scale Mail Armor
23:13 Long Swordsman
23:16 Pikeman
24:21 Bow Saw
24:44 Squires
25:04 Chain Mail Armor
24:45 Gold Mining
25:11 Fletching
25:46 Town Watch
26:37 Wheelbarrow
26:57 Husbandry
28:12 Bloodlines
31:04 Hand Cart
31:19 Scale Barding Armor
32:34 Ballistics
38:51 Imperial Age
38:59 Imperial Age
36:35 Bodkin Arrow
37:17 Iron Casting
38:50 Detinets
39:20 Town Patrol
39:24 Murder Holes
39:39 Masonry
40:25 Hoardings
40:31 Halberdier
41:22 Siege Engineers
41:17 Heavy Scorpion
42:43 Plate Mail Armor
43:13 Blast Furnace
44:47 Two-Man Saw
43:50 Heavy Plow
44:58 Chemistry
45:49 Conscription
45:23 Onager
47:14 Fortified Wall
gumolakamil3
27:21 Feudal Age
32:55 Man-at-Arms
Connection lost

Rejoining the realm…

Still unreachable

The connection could not be restored.

Session expired

The server has moved on; the page needs a fresh start.